 Dungeon Crawl Stone Soup version 0.28-a0-43-g560ac104fe (webtiles) character file.

Game seed: 4914578491451278659

3343 Cheivey the Blocker (level 10, -6/80 HPs)
             Began as a Gnoll Fighter on July 28, 2021.
             Was an Initiate of Gozag.
             Splashed by an acid dragon's acid (10 damage)
             ... on level 8 of the Dungeon.
             The game lasted 00:08:12 (7366 turns).

Cheivey the Blocker (Gnoll Fighter)                 Turns: 7366, Time: 00:08:13

Health: -6/80      AC:  3    Str: 19    XL:     10   Next: 2%
Magic:  17/17      EV: 10    Int:  7    God:    Gozag
Gold:   805        SH: 12    Dex: 12    Spells: 18/18 levels left

rFire   . . .      SeeInvis .   g - +1 war axe (vamp)
rCold   . . .      Faith    .   c - +1 kite shield
rNeg    . . .      Spirit   .   b - +0 scale mail
rPois   .          Reflect  .   (helmet restricted)
rElec   .          Harm     .   (no cloak)
rCorr   .          Rampage  .   (no gloves)
Will    .....      Rnd*Rage +   t - +2 pair of boots
Stlth   +.........              v - amulet of regeneration
HPRegen 1.23/turn               m - +4 ring of protection
MPRegen 0.15/turn               (no ring)

@: corroded
A: fangs 1, strong nose, distributed training, antennae 1, berserk 1, sense
surroundings 1, subdued magic 1
a: Renounce Religion, Potion Petition, Call Merchant, Bribe Branch


You were on level 8 of the Dungeon.
You worshipped Gozag.
Gozag was pleased with you.
You visited 2 branches of the dungeon, and saw 9 of its levels.
You also visited: Sewer.

You collected 869 gold pieces.
You paid 64 gold pieces to Gozag.

Inventory:

Hand Weapons
 a - a +0 long sword
 g - a +1 vampiric war axe (weapon)
Missiles
 w - a throwing net (quivered)
Armour
 b - a +0 scale mail (worn)
 c - a +1 kite shield (worn)
 t - a +2 pair of boots (worn)
Jewellery
 m - a +4 ring of protection (left hand)
 v - an amulet of regeneration (around neck)
Wands
 k - a wand of flame (26)
 o - a wand of digging (8)
 r - a wand of mindburst (9)
Scrolls
 i - a scroll of fear
 j - 2 scrolls of blinking
 q - a scroll of teleportation
 s - a scroll of amnesia
Potions
 d - a potion of magic
 e - 3 potions of curing
 l - 2 potions of attraction
 n - 3 potions of brilliance
 p - a potion of berserk rage {unknown}
 u - a potion of lignification


   Skills:
 + Level 8.2 Fighting
 + Level 4.8 Short Blades
 + Level 6.7 Long Blades
 + Level 4.8 Axes
 + Level 4.8 Maces & Flails
 + Level 4.8 Polearms
 + Level 4.8 Staves
 + Level 4.8 Slings
 + Level 4.8 Bows
 + Level 4.8 Crossbows
 + Level 4.8 Throwing
 + Level 8.2 Armour
 + Level 4.8 Dodging
 + Level 4.8 Stealth
 + Level 8.2 Shields
 + Level 4.8 Unarmed Combat
 + Level 4.8 Spellcasting
 + Level 4.0 Conjurations
 + Level 4.0 Hexes
 + Level 4.0 Summonings
 + Level 4.0 Necromancy
 + Level 4.0 Translocations
 + Level 4.0 Transmutations
 + Level 4.0 Fire Magic
 + Level 4.0 Ice Magic
 + Level 4.0 Air Magic
 + Level 4.0 Earth Magic
 + Level 4.0 Poison Magic
 + Level 5.3 Invocations
 + Level 4.8 Evocations


You had 18 spell levels left.
You didn't know any spells.
Your spell library contained the following spells:

 Spells                   Type           Power      Damage    Failure   Level
 Corona                   Hex            5%         N/A       30%         1
 Corpse Rot               Necr/Air       N/A        N/A       41%         2
 Ensorcelled Hibernation  Hex/Ice        10%        N/A       41%         2
 Static Discharge         Conj/Air       5%         N/A       41%         2
 Tukima's Dance           Hex            5%         N/A       67%         3
 Dispel Undead            Necr           5%         3d7       97%         4
 Sticky Flame             Conj/Fire      5%         2d3       97%         4
 Summon Forest            Summ/Tloc      2%         N/A       100%        5
 Death Channel            Necr           2%         N/A       100%        6
 Eringya's Noxious Bog    Tmut/Pois      2%         N/A       100%        6
 Summon Hydra             Summ           2%         N/A       100%        7


Dungeon Overview and Level Annotations

Branches:
Dungeon (8/15)             Temple (1/1) D:5           Sewer (visited)
   Lair: D:8-11

Altars:
Ashenzari
Dithmenos
Elyvilon
Fedhas
Gozag
Vehumet
Yredelemnul


Innate Abilities, Weirdness & Mutations

You have very sharp teeth.
Your uncanny sense of smell can sniff out nearby items.
Your experience applies equally to all skills.
You have a pair of small antennae on your head.
You tend to lose your temper in combat.
You passively map a small area around you.
Your spells are a little easier to cast, but a little less powerful.


Message History

Unknown command.
You hit the acid dragon but do no damage.
The acid dragon is heavily wounded.
The acid dragon barely misses you. You block the acid dragon's attack.
The acid dragon bites you. The acid dragon closely misses you.
You barely miss the acid dragon. Your bite misses the acid dragon.
The acid dragon is heavily wounded.
The acid dragon spits acid at you. The splash of acid hits you!
The acid corrodes you!
You are splashed with acid!
Unknown command.
You barely miss the acid dragon.
The acid dragon is heavily wounded.
The acid dragon closely misses you. You block the acid dragon's attack.
The acid dragon bites you! The acid dragon closely misses you.
You hit the acid dragon.
You feel better.
The acid dragon is severely wounded.
The acid dragon bites you. You block the acid dragon's attack.
You are too injured to fight recklessly!
Unknown command.
You hit the acid dragon but do no damage.
The acid dragon is severely wounded.
The acid dragon spits acid at you. The splash of acid hits you.
The acid corrodes you!
You are splashed with acid!
* * * LOW HITPOINT WARNING * * *
You hit the acid dragon.
You feel better.
The acid dragon is almost dead.
You block the acid dragon's attack. The acid dragon claws you.
* * * LOW HITPOINT WARNING * * *
You block the acid dragon's attack. The acid dragon claws you.
* * * LOW HITPOINT WARNING * * *
You are too injured to fight recklessly!
Unknown command.
You hit the acid dragon but do no damage.
The acid dragon is almost dead.
The acid dragon spits acid at you. The splash of acid hits you!
* * * LOW HITPOINT WARNING * * *
You are splashed with acid!
You die...
Your body crumbles into a pile of gold.

* * ....#.### #...
,..#.#* #....# #... #
#.#.#####..#.####... ,
#.###.#.##.#...#........
#.....#.##............<.
*
#..#............#.....##
*
#........#......#.....#
#..#............#....(#
*
,.......@.#.##.........#
.###..D###.##..##.....#
....... #.....##.....##
, #.##...
##########<###. # #...
######....## #. , * #...
........#.# #. * #...
###.###.#.# #. , .#.#
#.......####. , ,
#####......#.


You could see an acid dragon (catching breath).

Vanquished Creatures
  A two-headed ogre (D:7)
  Sigmund (D:3)
  A wyvern (D:7)
  A steam dragon (D:8)
  3 water moccasins
  A hornet zombie (D:5)
  3 black bears
  Purgy (Sewer)
  An ogre (D:5)
  2 necrophages
  A centaur (D:6)
  4 scorpions
  A water moccasin zombie (D:5)
  A howler monkey (D:8)
  2 centaur zombies
  2 hounds
  2 centaur skeletons
  A jelly (D:6)
  An orc priest (D:7)
  3 iguanas
  9 orc wizards (D:6)
  A killer bee zombie (D:6)
  Robin (D:3)
  A howler monkey skeleton (D:6)
  3 gnolls (D:4)
  11 adders
  An adder skeleton (D:4)
  4 worms
  14 orcs
  7 ball pythons
  7 endoplasms
  12 hobgoblins
  3 jackals (D:1)
  5 quokkas
  3 bats
  4 frilled lizards
  24 goblins
  7 kobolds
  7 rats
157 creatures vanquished.

Vanquished Creatures (others)
  4 fungi (D:7)
  4 toadstools (D:7)
8 creatures vanquished.

Grand Total: 165 creatures vanquished

Notes
Turn   | Place    | Note
-------+----------+-------------------------------------------
     0 | D:1      | Cheivey the Gnoll Fighter began the quest for the Orb.
     0 | D:1      | Reached XP level 1. HP: 23/23 MP: 1/1
    39 | D:1      | Reached XP level 2. HP: 29/29 MP: 2/2
   581 | D:1      | Reached XP level 3. HP: 32/35 MP: 3/3
  1213 | D:2      | Reached skill level 1 in Invocations
  1241 | D:2      | Reached skill level 1 in Short Blades
  1241 | D:2      | Reached skill level 1 in Axes
  1241 | D:2      | Reached skill level 1 in Maces & Flails
  1241 | D:2      | Reached skill level 1 in Polearms
  1241 | D:2      | Reached skill level 1 in Staves
  1241 | D:2      | Reached skill level 1 in Slings
  1241 | D:2      | Reached skill level 1 in Bows
  1241 | D:2      | Reached skill level 1 in Crossbows
  1241 | D:2      | Reached skill level 1 in Throwing
  1241 | D:2      | Reached skill level 1 in Dodging
  1241 | D:2      | Reached skill level 1 in Stealth
  1241 | D:2      | Reached skill level 1 in Unarmed Combat
  1241 | D:2      | Reached skill level 1 in Spellcasting
  1241 | D:2      | Reached skill level 1 in Evocations
  1256 | D:2      | Reached XP level 4. HP: 32/41 MP: 5/5
  1765 | D:3      | Reached skill level 1 in Conjurations
  1765 | D:3      | Reached skill level 1 in Hexes
  1765 | D:3      | Reached skill level 1 in Summonings
  1765 | D:3      | Reached skill level 1 in Necromancy
  1765 | D:3      | Reached skill level 1 in Translocations
  1765 | D:3      | Reached skill level 1 in Transmutations
  1765 | D:3      | Reached skill level 1 in Fire Magic
  1765 | D:3      | Reached skill level 1 in Ice Magic
  1765 | D:3      | Reached skill level 1 in Air Magic
  1765 | D:3      | Reached skill level 1 in Earth Magic
  1765 | D:3      | Reached skill level 1 in Poison Magic
  1779 | D:3      | Noticed Sigmund
  1781 | D:3      | Gained mutation: Your spells are a little easier to cast,
                  | but a little less powerful. [potion of mutation]
  1781 | D:3      | Gained mutation: You tend to lose your temper in combat.
                  | [potion of mutation]
  1781 | D:3      | Gained mutation: You passively map a small area around you.
                  | [potion of mutation]
  1781 | D:3      | Gained mutation: You have a pair of small antennae on your
                  | head. [potion of mutation]
  1787 | D:3      | Killed Sigmund
  1788 | D:3      | Reached XP level 5. HP: 36/47 MP: 5/7
  1788 | D:3      | Reached XP level 6. HP: 40/53 MP: 5/8
  1878 | D:3      | Found a glowing drain.
  1899 | Sewer    | Entered a sewer
  2043 | Sewer    | Noticed Purgy
  2071 | Sewer    | Killed Purgy
  2072 | Sewer    | Reached skill level 5 in Long Blades
  2437 | D:3      | Noticed Robin
  2450 | D:3      | Killed Robin
  2686 | D:4      | Reached XP level 7. HP: 48/59 MP: 10/10
  3884 | D:5      | Entered Level 5 of the Dungeon
  3907 | D:5      | Found a staircase to the Ecumenical Temple.
  3921 | Temple   | Entered the Ecumenical Temple
  3927 | Temple   | Became a worshipper of Gozag Ym Sagoz the Greedy
  4440 | D:5      | Reached XP level 8. HP: 60/67 MP: 12/12
  4728 | D:5      | Found a basalt altar of Yredelemnul.
  5049 | D:5      | Found a shadowy altar of Dithmenos.
  6009 | D:6      | Reached XP level 9. HP: 72/73 MP: 14/14
  6554 | D:7      | Noticed a two-headed ogre
  6570 | D:7      | Killed a two-headed ogre
  6787 | D:7      | Reached skill level 5 in Invocations
  7326 | D:8      | Reached XP level 10. HP: 71/80 MP: 17/17
  7366 | D:8      | HP: 4/80 [acid dragon/splash of acid (16)]
  7366 | D:8      | Splashed by an acid dragon's acid

Illustrated notes

Levels and vault maps discovered:
D:1:      nicolae_arrival_memento_mori, layout_loops_cross
D:2:      layout_basic
D:3:      layout_rooms, portal_sewer_entry_d, uniq_sigmund, uniq_robin
D:4:      layout_gridville
D:5:      corexii_shack_village, layout_cave_pods, minitemple,
          minmay_temple_entry_large_hall, serial_glass, glass_columns_a,
          glass_columns_a
D:6:      minmay_flawed_box, layout_rooms, st_stairs_14
D:7:      layout_rooms, minmay_gold_behind_fungi, kennysheep_generic_room_5
D:8:      layout_basic
Temple:   eino_temple_rhombus

Skill      XL: |  1  2  3  4  5  6  7  8  9 |
---------------+----------------------------+-----
Invocations    | 1 2 3 4 5 |  5.3
Short Blades   | 1 2 3 4 |  4.8
Axes           | 1 2 3 4 |  4.8
Maces & Flails | 1 2 3 4 |  4.8
Polearms       | 1 2 3 4 |  4.8
Staves         | 1 2 3 4 |  4.8
Slings         | 1 2 3 4 |  4.8
Bows           | 1 2 3 4 |  4.8
Crossbows      | 1 2 3 4 |  4.8
Throwing       | 1 2 3 4 |  4.8
Dodging        | 1 2 3 4 |  4.8
Stealth        | 1 2 3 4 |  4.8
Unarmed Combat | 1 2 3 4 |  4.8
Spellcasting   | 1 2 3 4 |  4.8
Evocations     | 1 2 3 4 |  4.8
Conjurations   | 1 2 3 4 |  4.0
Hexes          | 1 2 3 4 |  4.0
Summonings     | 1 2 3 4 |  4.0
Necromancy     | 1 2 3 4 |  4.0
Translocations | 1 2 3 4 |  4.0
Transmutations | 1 2 3 4 |  4.0
Fire Magic     | 1 2 3 4 |  4.0
Ice Magic      | 1 2 3 4 |  4.0
Air Magic      | 1 2 3 4 |  4.0
Earth Magic    | 1 2 3 4 |  4.0
Poison Magic   | 1 2 3 4 |  4.0
Long Blades    | 5 6 |  6.7
Fighting       | 7 8 |  8.2
Armour         | 7 8 |  8.2
Shields        | 7 8 |  8.2

Action                   |  1- 3 |  4- 6 |  7- 9 | 10-12 || total
-------------------------+-------+-------+-------+-------++-------
Melee: Long sword        |   101 |    25 |       |       ||   126
       Bite              |    11 |     6 |    38 |     2 ||    57
       War axe           |       |    98 |   327 |    10 ||   435
  Use: Scroll            |     4 |     5 |     8 |       ||    17
       Potion            |       |     5 |     3 |       ||     8
 Stab: Distracted        |       |       |     1 |       ||     1
Armor: Scale mail        |    41 |    74 |   189 |     3 ||   307
       Skin              |       |       |    11 |       ||    11
Dodge: Dodged            |    29 |    45 |   153 |     5 ||   232
Block: Kite shield       |    68 |   123 |   265 |     7 ||   463
       Rpst.: Long sword |    10 |     2 |       |       ||    12

Table legend: (Time is in decaauts)
 A = Elapsed time spent in this place.
 B = Non-inter-level travel time spent in this place.
 C = Inter-level travel time spent in this place.
 D = Time resting spent in this place.
 E = Time spent auto-exploring this place.
 F = Levels seen in this place.
 G = Mean time per level.
                   A        B        C        D        E       F      G
               +--------+--------+--------+--------+--------+-----+--------+
         Total |   7679 |   7524 |    155 |   1154 |   4889 |  10 |  767.9 |
       Dungeon |   7146 |   6991 |    155 |    966 |   4706 |   8 |  893.2 |
        Temple |     12 |     12 |      0 |      0 |      0 |   1 |   12.0 |
         Sewer |    520 |    520 |      0 |    188 |    182 |   1 |  520.0 |
               +--------+--------+--------+--------+--------+-----+--------+

Top non-repeatable levels by time:
     D:5: 1708 daAuts
     D:4: 1318 daAuts
     D:6: 1030 daAuts
     D:1: 963 daAuts
     D:7: 697 daAuts
     D:3: 637 daAuts
     D:2: 617 daAuts
   Sewer: 520 daAuts
     D:8: 172 daAuts
  Temple: 12 daAuts
